 Dungeon Crawl Stone Soup version 0.20.1-1-g8b1a95d (webtiles) character file.

7463 Norian the Thaumaturge (level 10, -5/59 HPs)
             Began as a Deep Elf Conjurer on Oct 17, 2017.
             Was an Elder of Sif Muna.
             Slain by an earth elemental (27 damage)
             ... summoned by a deep elf mage
             ... in a bailey.
             The game lasted 00:24:38 (8431 turns).

Norian the Thaumaturge (Deep Elf Conjurer)          Turns: 8431, Time: 00:24:39

Health: -5/59      AC:  7    Str:  7    XL:     10   Next: 94%
Magic:  2/27       EV: 17    Int: 22    God:    Sif Muna [****..]
Gold:   431        SH:  0    Dex: 15    Spells: 15/31 levels left

rFire    + . .     SeeInvis .   l - +2 dagger (elec)
rCold    . . .     Gourm    .   (no shield)
rNeg     . . .     Faith    .   a - +0 robe
rPois    +         Spirit   .   s - +2 helmet
rElec    .         Reflect  .   (no cloak)
rCorr    .         Harm     .   B - +0 pair of gloves (curse)
MR       +....                  q - +0 pair of boots
Stlth    ++........             (no amulet)
Regen    0.2/turn               (no ring)
MPRegen  0.2/turn               (no ring)

@: divine energy
A: fire resistance 1, poison resistance
a: Stop Divine Energy, Channel Magic, Forget Spell, Renounce Religion


You were in a bailey.
You worshipped Sif Muna.
Sif Muna was greatly pleased with you.
You were not hungry.

You visited 2 branches of the dungeon, and saw 9 of its levels.
You also visited: Bailey.

You collected 431 gold pieces.

Inventory:

Hand Weapons
 l - a +2 dagger of electrocution (weapon)
Armour
 a - a +0 robe (worn)
 q - a +0 pair of boots (worn)
 s - a +2 helmet (worn)
 B - a cursed +0 pair of gloves (worn)
Jewellery
 e - a +3 ring of strength {unknown}
 j - a +3 ring of intelligence {unknown}
 o - an uncursed ring of protection from magic {unknown}
 y - a cursed -2 ring of protection {unknown}
Wands
 u - a wand of flame (24/48)
 z - a wand of flame (25/48)
Scrolls
 d - 2 scrolls of teleportation
 g - a scroll of fear {unknown}
 i - 3 scrolls of remove curse
 n - a scroll of magic mapping {unknown}
 t - a scroll of identify {unknown}
 A - a scroll of blinking {unknown}
Potions
 f - a potion of brilliance {unknown}
 h - 3 potions of mutation
 k - 3 potions of resistance {unknown}
 m - a potion of lignification {unknown}
 p - a potion of invisibility {unknown}
 r - 2 potions of flight {unknown}
 x - a potion of degeneration {unknown}
 C - a potion of agility {unknown}
Books
 b - a book of Conjurations

   Spells                             Type                      Level
   a - Magic Dart                     Conjuration                  1
   b - Searing Ray                    Conjuration                  2
   c - Dazzling Spray                 Conjuration/Hexes            3
   d - Fulminant Prism                Conjuration/Hexes            4
   e - Force Lance                    Conjuration/Translocation    4
   f - Iskenderun's Mystic Blast      Conjuration                  4
 w - the Volume of Flames and Good Luck
   (You found it on level 6 of the Dungeon)

   Spells                             Type                      Level
   a - Flame Tongue                   Conjuration/Fire             1
   b - Conjure Flame                  Conjuration/Fire             3
   c - Sticky Flame                   Conjuration/Fire             4
   d - Iskenderun's Battlesphere      Conjuration/Charms           5
   e - Deflect Missiles               Charms/Air                   6
Comestibles
 c - 5 bread rations
 v - 3 royal jellies
 D - 3 chunks of flesh


   Skills:
 - Level 5.1 Fighting
 - Level 3.1 Armour
 - Level 7.2 Dodging
 - Level 2.4 Stealth
 + Level 11.4 Spellcasting
 + Level 10.2 Conjurations
 - Level 5.0 Hexes
 - Level 8.4 Charms


You had 15 spell levels left.
You knew the following spells:

 Your Spells              Type           Power        Failure   Level  Hunger
a - Magic Dart            Conj           ####         1%          1    None
b - Searing Ray           Conj           ######       1%          2    None
c - Iskenderun's Mystic   Conj           ######..     1%          4    None
d - Fulminant Prism       Conj/Hex       #####.....   2%          4    None
e - Iskenderun's Battles  Conj/Chrm      ######..     3%          5    ####...


Dungeon Overview and Level Annotations

Branches:
Dungeon (8/15)             Temple (1/1) D:4
   Lair: D:8-11

Altars:
Ashenzari
Cheibriados
Dithmenos
Elyvilon
Fedhas
Gozag
Hepliaklqana
Kikubaaqudgha
Makhleb
Nemelex Xobeh
Okawaru
Qazlal
Ru
Sif Muna
Trog
Uskayaw
Vehumet
Xom
Yredelemnul
The Shining One

Shops:
D:7 %   D:8 (


Innate Abilities, Weirdness & Mutations

Your flesh is heat resistant. (rF+)
Your system is resistant to poisons. (rPois)


Message History

You kill the deep elf mage!
Sif Muna accepts your kill.
You can now freely open your mind to new spells.
The blast of energy engulfs the earth elemental.
The earth elemental is almost destroyed.
Unknown command.
Unknown command.
You hit the earth elemental but do no damage.
The earth elemental is almost destroyed.
The earth elemental hits you!
You hit the earth elemental but do no damage.
The earth elemental is almost destroyed.
The earth elemental misses you.
You hit the earth elemental but do no damage.
The earth elemental is almost destroyed.
You regain access to your magic.
It was a potion of mutation.
You feel extremely strange.
You feel resistant to heat.
You feel resistant to poisons. The earth elemental hits you!!
You die...

..# #e#####
#....##
#§e...#
#.)∩..#
#.....#
##E..###
####E##).#
##..@##....#
#.....#....#
#..∩..##..##
##...######
#####


You could see 2 earth elementals and a deep elf mage.

Vanquished Creatures
  A two-headed ogre (D:8)
  The ghost of veneficus the Geomancer, a novice GrEE of Vehumet (D:7)
  The ghost of Hantama the Shield-Bearer, a novice MiFi (D:6)
  5 deep elf magi (Bailey)
  A slime creature (D:6)
  Prince Ribbit (D:5)
  A spriggan (D:7)
  A water moccasin (D:6)
  2 orc warriors
  3 sky beasts
  4 phantoms
  5 ice beasts
  4 ogres
  2 centaurs
  2 bullfrogs
  3 scorpions
  2 howler monkeys
  2 electric eels (D:5)
  4 crimson imps
  3 hounds
  A bullfrog skeleton (D:7)
  6 jellies
  An orc priest (D:6)
  A centaur skeleton (D:5)
  3 iguanas
  An orc wizard (D:6)
  4 worker ants
  Robin (D:4)
  6 gnolls
  9 adders
  2 shadow imps
  11 oozes
  3 adder skeletons
  A worm (D:3)
  A dart slug (D:3)
  7 leopard geckos
  15 orcs
  6 ball pythons
  3 bats
  2 giant cockroaches
  13 goblins
  5 hobgoblins
  15 jackals
  6 kobolds
  5 quokkas
  5 frilled lizards
  2 jackal skeletons
  2 quokka skeletons
  3 rats
  4 fungi (D:6)
192 creatures vanquished.

Vanquished Creatures (others)
  A leopard gecko (D:4)
  A ball python skeleton (D:4)
  38 fulminant prisms
  3 fungi (D:6)
43 creatures vanquished.

Grand Total: 235 creatures vanquished

Notes
Turn   | Place    | Note
-------+----------+-------------------------------------------
     0 | D:1      | Norian the Deep Elf Conjurer began the quest for the Orb.
     0 | D:1      | Reached XP level 1. HP: 10/10 MP: 6/6
   241 | D:1      | Reached XP level 2. HP: 15/15 MP: 4/8
   503 | D:2      | Found a shattered altar of Ashenzari.
   605 | D:2      | Found a white marble altar of Elyvilon.
   701 | D:2      | Learned a level 2 spell: Searing Ray
   757 | D:3      | Reached skill level 4 in Spellcasting
   875 | D:4      | Noticed a howler monkey
   879 | D:4      | Noticed a phantom
   880 | D:4      | Killed a howler monkey
   880 | D:4      | Reached skill level 5 in Conjurations
   880 | D:4      | Reached XP level 3. HP: 19/19 MP: 4/11
   914 | D:3      | Reached XP level 4. HP: 11/24 MP: 2/12
  1260 | D:3      | Reached skill level 5 in Spellcasting
  1657 | D:3      | Reached XP level 5. HP: 18/28 MP: 6/15
  2002 | D:4      | HP: 1/28 [phantom (9)]
  2003 | D:4      | Killed a phantom
  2003 | D:4      | Reached skill level 6 in Spellcasting
  2170 | D:4      | Found a staircase to the Ecumenical Temple.
  2179 | Temple   | Entered the Ecumenical Temple
  2248 | Temple   | Became a worshipper of Sif Muna the Loreminder
  2305 | D:4      | Noticed a phantom
  2319 | D:4      | Killed a phantom
  2319 | D:4      | Reached XP level 6. HP: 29/32 MP: 7/17
  2329 | D:4      | Learned a level 4 spell: Iskenderun's Mystic Blast
  2334 | D:4      | Learned a level 4 spell: Fulminant Prism
  2545 | D:4      | Reached skill level 7 in Spellcasting
  2609 | D:4      | Reached skill level 1 in Hexes
  2734 | D:4      | Found a sparkling altar of Nemelex Xobeh.
  2942 | D:4      | Noticed Robin
  2947 | D:4      | Killed Robin
  2947 | D:4      | Reached skill level 1 in Fighting
  2947 | D:4      | Reached XP level 7. HP: 36/38 MP: 5/19
  3097 | D:4      | Found a basalt altar of Yredelemnul.
  3249 | D:5      | Entered Level 5 of the Dungeon
  3249 | D:5      | Found a transporter.
  3314 | D:5      | Reached * piety under Sif Muna
  3967 | D:5      | Noticed Prince Ribbit
  3994 | D:5      | Killed Prince Ribbit
  3994 | D:5      | Reached XP level 8. HP: 19/45 MP: 0/20
  4116 | D:5      | Reached skill level 5 in Hexes
  4148 | D:5      | Reached skill level 5 in Dodging
  4297 | D:5      | Found a transporter.
  4511 | D:5      | Reached skill level 8 in Spellcasting
  4684 | D:6      | Noticed Hantama's ghost (novice MiFi)
  4708 | D:6      | Reached skill level 9 in Spellcasting
  5073 | D:5      | Reached ** piety under Sif Muna
  5073 | D:5      | Reached XP level 9. HP: 29/50 MP: 19/24
  5287 | D:6      | Found a blossoming altar of Fedhas.
  5339 | D:6      | Found a hazy altar of Hepliaklqana.
  5340 | D:6      | Identified the Volume of Flames and Good Luck
  5635 | D:6      | Reached skill level 10 in Spellcasting
  5702 | D:6      | Reached skill level 1 in Armour
  6072 | D:6      | Found a snail-covered altar of Cheibriados.
  6450 | D:6      | Killed Hantama's ghost
  6676 | D:6      | Learned a level 5 spell: Iskenderun's Battlesphere
  6753 | D:7      | Found Kaoskil's Food Emporium.
  6897 | D:7      | Noticed veneficus's ghost (novice GrEE)
  6908 | D:7      | Killed veneficus's ghost
  6908 | D:7      | Reached skill level 5 in Fighting
  6908 | D:7      | Reached XP level 10. HP: 55/59 MP: 0/26
  7627 | D:7      | Reached skill level 5 in Charms
  8151 | D:8      | Found Faabil's Antique Weapon Boutique.
  8197 | D:8      | Noticed a two-headed ogre
  8210 | D:8      | Killed a two-headed ogre
  8210 | D:8      | Reached *** piety under Sif Muna
  8376 | D:8      | Found a flagged portal.
  8382 | Bailey   | Entered a bailey
  8389 | Bailey   | Noticed a deep elf mage
  8393 | Bailey   | Killed a deep elf mage
  8403 | Bailey   | Noticed a deep elf mage
  8406 | Bailey   | Noticed a deep elf mage
  8406 | Bailey   | Noticed a deep elf mage
  8411 | Bailey   | Killed a deep elf mage
  8414 | Bailey   | Noticed a deep elf mage
  8418 | Bailey   | Noticed a deep elf mage
  8423 | Bailey   | Killed a deep elf mage
  8423 | Bailey   | Killed a deep elf mage
  8423 | Bailey   | Reached skill level 11 in Spellcasting
  8423 | Bailey   | Reached skill level 10 in Conjurations
  8427 | Bailey   | Killed a deep elf mage
  8427 | Bailey   | Reached **** piety under Sif Muna
  8431 | Bailey   | Gained mutation: Your flesh is heat resistant. (rF+) [potion of mutation]
  8431 | Bailey   | Gained mutation: Your system is resistant to poisons. (rPois) [potion of mutation]
  8431 | Bailey   | Slain by an earth elemental

Skill      XL: |  1  2  3  4  5  6  7  8  9 10 |
---------------+-------------------------------+-----
Spellcasting   | 4 5 6 7 9 10 11 | 11.4
Conjurations   | 5 6 8 9 10 | 10.2
Hexes          | 2 4 5 |  5.0
Fighting       | 1 2 3 5 |  5.1
Dodging        | 4 5 7 |  7.2
Armour         | 3 |  3.1
Charms         | 3 8 |  8.4
Stealth        | |  2.4

Action                   |  1- 3 |  4- 6 |  7- 9 | 10-12 || total
-------------------------+-------+-------+-------+-------++-------
Melee: Dagger            |       |     8 |    76 |    32 ||   116
 Cast: Magic Dart        |    36 |    77 |    57 |    17 ||   187
       Searing Ray       |     2 |     6 |     4 |     1 ||    13
       Iskenderun's Myst |       |     7 |    68 |    15 ||    90
       Fulminant Prism   |       |     1 |    28 |    10 ||    39
Invok: Divine Energy     |       |       |       |     1 ||     1
  Use: Scroll            |       |       |       |     2 ||     2
       Potion            |       |       |       |     1 ||     1
  Eat: Chunk             |       |     6 |    10 |     5 ||    21
       Meat ration       |       |       |     1 |       ||     1
       Bread ration      |       |       |     1 |       ||     1
Armor: Robe              |       |     3 |    35 |     5 ||    43
Dodge: Dodged            |     4 |    31 |    81 |    36 ||   152
